 Dungeon Crawl Stone Soup version 0.23.0 (webtiles) character file.

Game seed: 5259863468395335965

357 xccam the Slasher (level 6, -6/44 HPs)
             Began as a Human Gladiator on Feb 17, 2019.
             Was an Initiate of Okawaru.
             Killed by divine providence
             ... invoked by an orc priest
              (11 damage)
             ... on level 4 of the Dungeon.
             The game lasted 00:15:08 (3709 turns).

xccam the Slasher (Human Gladiator)                 Turns: 3709, Time: 00:15:08

Health: -6/44      AC:  8    Str: 16    XL:     6   Next: 96%
Magic:  6/6        EV: 13    Int:  8    God:    Okawaru [......]
Gold:   135        SH:  0    Dex: 15    Spells: 5/5 levels left

rFire    . . .     SeeInvis .   a - +0 long sword
rCold    . . .     Gourm    .   (no shield)
rNeg     . . .     Faith    .   e - +0 ring mail
rPois    +         Spirit   .   h - +1 helmet
rElec    .         Reflect  .   l - +0 cloak
rCorr    .         Harm     .   (no gloves)
MR       .....                  (no boots)
Stlth    +.........             (no amulet)
HPRegen  0.14/turn              n - ring of poison resistance
MPRegen  0.10/turn              (no ring)

@: no status effects
A: no striking features
a: Renounce Religion


You were on level 4 of the Dungeon.
You worshipped Okawaru.
Okawaru was noncommittal.
You were not hungry.

You visited 1 branch of the dungeon, and saw 4 of its levels.

You collected 135 gold pieces.

Inventory:

Hand Weapons
 a - a +0 long sword (weapon)
Missiles
 d - 3 throwing nets (quivered)
Armour
 e - a +0 ring mail (worn)
 h - a +1 helmet (worn)
 l - a +0 cloak (worn)
 r - a +0 plate armour
Jewellery
 n - a ring of poison resistance (left hand)
Scrolls
 b - a scroll of identify
 c - a scroll of amnesia
 i - a scroll of fog {unknown}
 j - a scroll of enchant weapon {unknown}
 k - 2 scrolls of remove curse {unknown}
 m - 2 scrolls of teleportation {unknown}
 o - 2 scrolls of blinking {unknown}
 q - a scroll of fear {unknown}
 s - a scroll of noise {unknown}
Potions
 p - 2 potions of degeneration {unknown}
 t - a potion of agility {unknown}
Comestibles
 f - 5 rations


   Skills:
 - Level 2.0 Fighting
 + Level 6.2 Long Blades
 - Level 2.0 Throwing
 - Level 2.1 Armour
 - Level 4.0 Dodging


You had 5 spell levels left.
You didn't know any spells.
Your spell library was empty.

Dungeon Overview and Level Annotations

Branches:
Dungeon (4/15)
 Temple: D:4-7

Altars:
Okawaru
Uskayaw
Wu Jian
Xom
Yredelemnul

Annotations:
D:4 Sigmund


Message History

* * * LOW HITPOINT WARNING * * *
The orc priest misses you.
You riposte.
You hit the orc priest.
The orc priest is heavily wounded.
Unknown command.
You hit the orc priest.
The orc priest is severely wounded.
The orc barely misses you.
The orc priest calls down the wrath of Beogh upon you.
Beogh smites you!
* * * LOW HITPOINT WARNING * * *
Unknown command.
You hit the orc priest but do no damage.
The orc priest is severely wounded.
The orc closely misses you.
The howler monkey skeleton enters a dispersal trap!
The orc blinks!
The orc priest blinks!
You blink.
Unknown command.
The orc priest invokes the aid of Beogh against you.
Beogh smites you!
You die...

#... .... ####..
#....# ## #....# ...
###....#### ###....
#...)....<# ..... .
#.........###..#Z.Z.
#...@.......).......
#..........##.#..##.
#......[...# .# #
#..........# ..
#..........# #...#
#...oo.....# ...#
#..........####..#
#####.###........#
#.###........#


You could see an orc priest and an orc.

Vanquished Creatures
  Crazy Yiuf (D:3)
  An orc priest (D:3)
  2 iguanas
  A worker ant (D:3)
  A hound skeleton (D:4)
  7 adders
  2 oozes
  4 worms
  4 dart slugs
  7 leopard geckos
  13 orcs
  4 bats
  11 giant cockroaches
  8 goblins
  10 hobgoblins
  9 jackals
  7 kobolds
  A ball python (D:2)
  A leopard gecko skeleton (D:4)
  5 rats
99 creatures vanquished.

Notes
Turn   | Place    | Note
-------+----------+-------------------------------------------
     0 | D:1      | xccam the Human Gladiator began the quest for the Orb.
     0 | D:1      | Reached XP level 1. HP: 16/16 MP: 1/1
    43 | D:1      | Reached XP level 2. HP: 19/22 MP: 2/2
   152 | D:1      | Reached skill level 1 in Armour
   478 | D:1      | Reached XP level 3. HP: 27/27 MP: 3/3
   907 | D:2      | Found a shimmering altar of Xom.
   953 | D:2      | Reached XP level 4. HP: 33/33 MP: 4/4
   987 | D:2      | Found a basalt altar of Yredelemnul.
  1060 | D:2      | Reached XP level 5. HP: 36/38 MP: 5/5
  1138 | D:2      | Reached skill level 4 in Long Blades
  1990 | D:3      | Reached skill level 5 in Long Blades
  1990 | D:3      | Reached XP level 6. HP: 37/44 MP: 6/6
  2116 | D:3      | Found a hide-covered altar of Uskayaw.
  2179 | D:3      | Found an ornate altar of the Wu Jian Council.
  2181 | D:3      | Found an iron altar of Okawaru.
  2518 | D:3      | Found a runed translucent door.
  2519 | D:3      | Noticed Crazy Yiuf
  2530 | D:3      | Killed Crazy Yiuf
  2920 | D:3      | Became a worshipper of Warmaster Okawaru
  2945 | D:4      | Noticed Sigmund
  3153 | D:4      | HP: 2/44 [orc priest/nerve-wracking pain (13)]
  3460 | D:3      | Reached skill level 6 in Long Blades
  3709 | D:4      | Killed from afar by an orc priest

Skill      XL: |  1  2  3  4  5  6 |
---------------+-------------------+-----
Armour         | 1 2 |  2.1
Dodging        | 4 |  4.0
Long Blades    | 5 6 |  6.2
Fighting       | |  2.0
Throwing       | |  2.0

Action                   |  1- 3 |  4- 6 || total
-------------------------+-------+-------++-------
Melee: Long sword        |    80 |   268 ||   348
  Use: Scroll            |       |     3 ||     3
       Potion            |       |     1 ||     1
  Eat: Chunk             |       |     7 ||     7
       Ration            |       |     1 ||     1
Armor: Ring mail         |    31 |    97 ||   128
Dodge: Dodged            |    66 |   174 ||   240
       Rpst.: Long sword |    26 |    47 ||    73
